[Event "December 5 Late 2023"]
[Site "https://www.chess.com"]
[Date "2023.12.05"]
[Round "10"]
[White "Schnaider, Ilan"]
[Black "Saito, Vinicius"]
[Result "1/2-1/2"]
[Board "59"]
[TimeControl "180+1"]
[WhiteFideId "169013"]
[BlackFideId "2113384"]
[WhiteElo "2675"]
[BlackElo "2438"]
[WhiteTeam "ARG"]
[BlackTeam "BRA"]
[WhiteClock "0:00:03"]
[BlackClock "0:00:07"]

1. e4 c5 2. Nf3 Nc6 3. Bb5 g6 4. O-O Bg7 5. c3 Nf6 6. Re1 O-O 7. d4 cxd4 8. cxd4 d5 9. e5 Ne4 10. Bxc6 bxc6 11. Nbd2 Nxd2 12. Bxd2 a5 13. Qc1 Qb6 14. Bh6 Rb8 15. b3 Bd7 16. Bxg7 Kxg7 17. Qg5 Qd8 18. e6 Bxe6 19. Rxe6 fxe6 20. Ne5 Qd6 21. Ng4 Rf5 22. Qh6+ Kg8 23. Qh4 Rh5 24. Qg3 Qxg3 25. hxg3 Rb4 26. Ne5 Rxe5 27. dxe5 a4 28. Rc1 axb3 29. axb3 Rxb3 30. Rxc6 Kf7 31. Rc8 Rb2 32. f4 h5 33. Kh2 Re2 34. Kh3 g5 35. Rd8 Re3 36. fxg5 Rxe5 37. Kh4 Re2 38. Kxh5 Rxg2 39. g6+ Kg7 40. g4 Re2 41. Re8 Re5+ 42. g5 Re1 43. Rxe7+ Kg8 44. g7 Kh7 45. Rd7 Rh1+ 46. Kg4 Rg1+ 47. Kh5 Rh1+ 48. Kg4 Rg1+ 49. Kf4 Rf1+ 50. Ke5 Rf5+ 51. Kxe6 Rxg5 52. Kf6 Rg6+ 53. Kf5 Rxg7 54. Rxd5 Rf7+ 55. Kg5 Kg7 56. Ra5 Rd7 57. Kf5 Rb7 58. Ke6 Rb6+ 59. Kd7 Rg6 60. Ke7 Rg1 61. Re5 Rf1 62. Re4 Kg6 63. Rg4+ Kf5 64. Rg8 Re1+ 65. Kd6 Rd1+ 66. Kc5 Rc1+ 67. Kd4 Rd1+ 68. Ke3 Kf6 69. Kf4 Rf1+ 70. Ke3 Re1+ 71. Kf2 Re7 72. Kf3 Rg7 73. Ra8 Re7 74. Kf4 Re6 75. Ra7 Rb6 76. Ra4 Rc6 77. Rd4 Ra6 78. Kg4 Ke6 79. Rf4 Ra1 80. Rf8 Rg1+ 81. Kh3 Ke7 82. Rf2 Rh1+ 83. Kg2 Rh7 84. Ra2 Rg7+ 85. Kf3 Rf7+ 86. Ke4 Rf1 87. Re2 Ke6 88. Ke3 Ke5 89. Rh2 Rf5 90. Rh8 Rg5 91. Kf3 Rg6 92. Re8+ Re6 93. Ra8 Rf6+ 94. Kg4 Ke6 95. Ra6+ Kf7 96. Ra7+ Kg6 97. Rb7 Rc6 98. Rb4 Ra6 99. Re4 Rf6 100. Re5 Rb6 101. Rg5+ Kf6 102. Rh5 Kg6 103. Ra5 Rc6 104. Kf4 1/2-1/2

[Event "December 5 Late 2023"]
[Site "https://www.chess.com"]
[Date "2023.12.05"]
[Round "10"]
[White "Ozates, Tuna"]
[Black "Argandona Riveiro, Inigo"]
[Result "0-1"]
[Board "60"]
[TimeControl "180+1"]
[WhiteFideId "6354521"]
[BlackFideId "2212072"]
[WhiteElo "2560"]
[BlackElo "2448"]
[WhiteTeam "TUR"]
[BlackTeam "ESP"]
[WhiteClock "0:02:31"]
[BlackClock "0:02:00"]

1. e4 d6 2. d4 Nf6 3. Nc3 e5 4. dxe5 dxe5 5. Qxd8+ Kxd8 6. Bg5 Be6 7. g3 h6 8. Bxf6+ gxf6 9. Bh3 c6 10. Rd1+ Kc7 11. Nb1 Bxa2 12. b3 Bxb1 13. Rxb1 Na6 14. Ne2 Bb4+ 15. c3 Be7 16. Kd2 Nc5 17. f3 Rhd8+ 18. Kc2 a5 19. Rhd1 Rxd1 20. Rxd1 Rd8 21. Ra1 Kb6 22. b4 axb4 23. cxb4 Na6 24. b5 Nb4+ 25. Kc3 Rd3+ 0-1

[Event "December 5 Late 2023"]
[Site "https://www.chess.com"]
[Date "2023.12.05"]
[Round "10"]
[White "Shapiro, Viktor"]
[Black "Buchenau, Frank"]
[Result "1/2-1/2"]
[Board "62"]
[TimeControl "180+1"]
[WhiteFideId "4175700"]
[BlackFideId "4604350"]
[WhiteElo "2528"]
[BlackElo "2431"]
[WhiteTeam "RUS"]
[BlackTeam "GER"]
[WhiteClock "0:00:06"]
[BlackClock "0:00:06"]

1. c4 e5 2. Nc3 Nf6 3. g3 Bb4 4. Bg2 O-O 5. Nf3 Bxc3 6. bxc3 Re8 7. O-O c6 8. d3 d5 9. cxd5 cxd5 10. Rb1 Nc6 11. Bg5 h6 12. Bxf6 Qxf6 13. Nd2 Qd6 14. Rb5 Ne7 15. c4 a6 16. Rb1 Rb8 17. cxd5 Nxd5 18. Qb3 Be6 19. Ne4 Qe7 20. Qb2 f6 21. Rfc1 b5 22. Nc5 Rb6 23. Nxe6 Qxe6 24. a4 b4 25. Rc5 Ne7 26. a5 Rbb8 27. Qb3 Qxb3 28. Rxb3 Nf5 29. e3 Red8 30. Be4 Nd6 31. Bd5+ Kf8 32. Kf1 Rd7 33. Ke2 Ke7 34. f4 exf4 35. gxf4 g5 36. fxg5 hxg5 37. d4 Nb5 38. Kd3 Rh8 39. Rb2 Nc3 40. Bc6 Rc7 41. Rxb4 Nb5 42. Bxb5 Rxc5 43. dxc5 axb5 44. Rxb5 Rxh2 45. Kd4 Rd2+ 46. Kc4 g4 47. Rb7+ Ke6 48. Rb6+ Ke5 49. a6 Ra2 50. Kb3 Ra1 51. Kb2 Ra5 52. c6 Kd6 53. c7+ Kxc7 54. Rxf6 Rg5 55. Rf7+ Kb8 56. Rf1 g3 57. Kc3 Ka7 58. Kd3 Kxa6 59. Ke2 Kb5 60. Rg1 Kc4 61. Kf3 Kd3 62. Rd1+ Kc2 63. Rg1 Kd3 64. Rd1+ Kc2 65. Ra1 g2 66. Rg1 Kd3 67. Rxg2 Rxg2 68. Kxg2 Kxe3 1/2-1/2

[Event "December 5 Late 2023"]
[Site "https://www.chess.com"]
[Date "2023.12.05"]
[Round "10"]
[White "Erzhanov, Arman"]
[Black "Wu, Sibo"]
[Result "0-1"]
[Board "63"]
[TimeControl "180+1"]
[WhiteFideId "4138821"]
[BlackFideId "8606048"]
[WhiteElo "2527"]
[BlackElo "2433"]
[WhiteTeam "KAZ"]
[BlackTeam "CHN"]
[WhiteClock "0:01:30"]
[BlackClock "0:01:27"]

1. e4 c5 2. Nf3 Nc6 3. Bb5 g6 4. O-O Bg7 5. c3 a6 6. Be2 d5 7. e5 Nxe5 8. Nxe5 Bxe5 9. d4 cxd4 10. cxd4 Bg7 11. Qa4+ Bd7 12. Qb3 Bc6 13. Nc3 Nf6 14. Bg5 O-O 15. Bf3 Ne4 16. Bxe4 dxe4 17. d5 Bb5 18. Nxb5 axb5 19. Rfd1 h6 20. Bh4 g5 21. Bg3 Qa5 22. a3 Qa4 23. Qe3 Bxb2 24. Ra2 Qxd1+ 0-1

[Event "December 5 Late 2023"]
[Site "https://www.chess.com"]
[Date "2023.12.05"]
[Round "10"]
[White "Stojanovski, Sandi"]
[Black "Marchesich, Giovanni"]
[Result "1-0"]
[Board "64"]
[TimeControl "180+1"]
[WhiteFideId "1403249"]
[BlackFideId "2824790"]
[WhiteElo "2519"]
[BlackElo "2421"]
[WhiteTeam "DEN"]
[BlackTeam "ITA"]
[WhiteClock "0:00:30"]
[BlackClock "0:01:20"]

1. d3 d5 2. Nf3 g6 3. g3 h5 4. Bg2 Nc6 5. h4 Bg4 6. O-O e5 7. c4 d4 8. e3 Qd7 9. exd4 exd4 10. Re1+ Be7 11. Qb3 O-O-O 12. Ne5 Qf5 13. Nxc6 bxc6 14. Bxc6 Rd6 15. Qb7+ Kd8 16. Qb8+ Qc8 17. Qxc8+ Bxc8 18. Bd5 Be6 19. Bxe6 fxe6 20. Bf4 Rb6 21. Be5 Bf6 22. b3 Ke7 23. Nd2 Nh6 24. Nf3 Nf5 25. Bxf6+ Kxf6 26. Re5 Ra8 27. Rae1 a5 28. Ng5 Ng7 29. R5e4 a4 30. Rxd4 axb3 31. axb3 Rxb3 32. Rd7 Rf8 33. Nh7+ Kf5 34. Nxf8 Ne8 35. Rf7+ Kg4 36. Kg2 Rb2 37. Rf4# 1-0

[Event "December 5 Late 2023"]
[Site "https://www.chess.com"]
[Date "2023.12.05"]
[Round "10"]
[White "Alvarado, Carlos"]
[Black "Leenhouts, Koen"]
[Result "1-0"]
[Board "65"]
[TimeControl "180+1"]
[WhiteFideId "3800555"]
[BlackFideId "1008439"]
[WhiteElo "2402"]
[BlackElo "2513"]
[WhiteTeam "PER"]
[BlackTeam "NED"]
[WhiteClock "0:00:02"]
[BlackClock "0:00:00"]

1. d4 Nf6 2. Nf3 g6 3. Bg5 Bg7 4. Nbd2 d5 5. c3 O-O 6. e3 c6 7. Be2 Nbd7 8. b4 Re8 9. O-O e5 10. Nb3 e4 11. Nfd2 Nf8 12. a4 Ne6 13. Bh4 h5 14. c4 g5 15. Bg3 h4 16. Be5 Nh7 17. Bxg7 Kxg7 18. Bg4 Qf6 19. f3 exf3 20. Rxf3 Qh6 21. cxd5 cxd5 22. Qf1 Nf6 23. h3 Nxg4 24. Rxf7+ Kg8 25. hxg4 Nf4 26. exf4 Bxg4 27. fxg5 Qxg5 28. Qf4 Qh5 29. Rf6 Rf8 30. Rf1 Rxf6 31. Qxf6 h3 32. Qe5 Qg6 33. Rf6 Qg7 34. Rf2 Rd8 35. Qxg7+ Kxg7 36. gxh3 Bxh3 37. Nc5 b6 38. Nd3 Rc8 39. Ne5 Rc1+ 40. Kh2 Be6 41. Ndf3 Rb1 42. b5 Rb4 43. Ng5 Bg8 44. Nc6 Rxa4 45. Re2 Kg6 46. Ne6 Ra3 47. Nf4+ Kf5 48. Ng2 Bf7 49. Ne5 Bg8 50. Ne3+ Kf4 51. Nd1 Ra1 52. Nf2 Rb1 53. Nfd3+ Kf5 54. Nc6 Rb3 55. Nde5 Bh7 56. Ne7+ Kf4 57. N5c6 Rc3 58. Nxd5+ 1-0

[Event "December 5 Late 2023"]
[Site "https://www.chess.com"]
[Date "2023.12.05"]
[Round "10"]
[White "Bonin, Jay"]
[Black "Krzywda, Andrzej"]
[Result "0-1"]
[Board "66"]
[TimeControl "180+1"]
[WhiteFideId "2000644"]
[BlackFideId "1114565"]
[WhiteElo "2400"]
[BlackElo "2510"]
[WhiteTeam "USA"]
[BlackTeam "POL"]
[WhiteClock "0:00:00"]
[BlackClock "0:00:09"]

1. d4 d5 2. Nf3 Nf6 3. c4 dxc4 4. e3 e6 5. Bxc4 c5 6. dxc5 Qxd1+ 7. Kxd1 Bxc5 8. Ke2 O-O 9. Nbd2 a6 10. a3 b5 11. Bd3 Bb7 12. b4 Bb6 13. Bb2 Rd8 14. Rhc1 Nbd7 15. Bd4 Bxd4 16. Nxd4 Ne5 17. Bc2 Bxg2 18. f3 Bh3 19. N2b3 Nd5 20. Be4 Rac8 21. Bxd5 exd5 22. Nc5 Rd6 23. Kf2 Re8 24. a4 Nc4 25. axb5 axb5 26. Nxb5 Rg6 27. Rg1 Rxg1 28. Rxg1 Rb8 29. Ra1 h5 30. Nc7 Rxb4 31. Nxd5 Rb2+ 32. Kg3 Be6 33. Nxe6 fxe6 34. Nf4 Nxe3 35. Nxe6 Kf7 36. Ng5+ Kg6 37. h4 Nf5+ 38. Kh3 Rb6 39. Re1 Nd4 40. Re4 Nf5 41. Re6+ Rxe6 42. Nxe6 Kf6 43. Nf4 g6 44. Ne2 Ne7 45. Nd4 Ke5 46. Ne2 Nf5 47. Ng3 Kf4 48. Ne4 Kxf3 49. Nc5 Kf4 50. Ne6+ Ke5 51. Nf8 Ne7 52. Nh7 Kf4 53. Ng5 Nf5 54. Nf7 Nd4 55. Nh8 Kf5 56. Kg3 Nc6 57. Nf7 Ne5 58. Ng5 Kf6 59. Ne4+ Kf5 60. Nd6+ Ke6 61. Ne4 Nf7 62. Nf2 Kf5 63. Nd3 Nd6 64. Nc5 Ne4+ 0-1

[Event "December 5 Late 2023"]
[Site "https://www.chess.com"]
[Date "2023.12.05"]
[Round "10"]
[White "Kornyukov, Alexey"]
[Black "Grutter, Tim"]
[Result "1-0"]
[Board "67"]
[TimeControl "180+1"]
[WhiteFideId "4150457"]
[BlackFideId "1057472"]
[WhiteElo "2349"]
[BlackElo "2507"]
[WhiteTeam "RUS"]
[BlackTeam "NED"]
[WhiteClock "0:00:08"]
[BlackClock "0:00:00"]

1. d4 Nf6 2. c4 g6 3. f3 Bg7 4. e4 d6 5. Nc3 O-O 6. Bg5 a6 7. Qd2 c5 8. d5 b5 9. cxb5 axb5 10. Bxb5 Ba6 11. Bxa6 Nxa6 12. Nge2 Nb4 13. b3 Qb6 14. O-O Ra3 15. Nb1 Ra7 16. Nbc3 Ra3 17. Nb1 Ra5 18. Nbc3 Rfa8 19. a4 Nd7 20. Rab1 Re8 21. Be3 Qa6 22. Rfd1 Nb6 23. Nb5 Rc8 24. Rdc1 Qb7 25. h4 h5 26. Kh1 Qd7 27. Nf4 Bf6 28. Bf2 Raa8 29. Kh2 Be5 30. g3 Bxf4 31. gxf4 Kh7 32. f5 Rg8 33. Qg5 Nd3 34. Be3 Rg7 35. Qh6+ Kg8 36. Rg1 Ne5 37. Rg3 Nc8 38. Rbg1 c4 39. bxc4 Rxa4 40. Bd4 Ra2+ 41. Kh1 e6 42. Bxe5 dxe5 43. fxg6 f6 44. Qxh5 exd5 45. exd5 Nd6 46. Nxd6 Qxd6 47. Qf5 Qb4 48. Qc8+ 1-0

[Event "December 5 Late 2023"]
[Site "https://www.chess.com"]
[Date "2023.12.05"]
[Round "10"]
[White "Chan, Yi Ren Daniel"]
[Black "Gerbelli Neto, Eduardo"]
[Result "1-0"]
[Board "68"]
[TimeControl "180+1"]
[WhiteFideId "5801583"]
[BlackFideId "2103281"]
[WhiteElo "2778"]
[BlackElo "2346"]
[WhiteTeam "SGP"]
[BlackTeam "BRA"]
[WhiteClock "0:00:33"]
[BlackClock "0:00:12"]

1. e4 e5 2. Nf3 Nc6 3. Bc4 Nf6 4. Ng5 d5 5. exd5 Nd4 6. c3 b5 7. cxd4 bxc4 8. dxe5 Qxd5 9. O-O Bb7 10. Nf3 Nd7 11. Nc3 Qc6 12. d4 cxd3 13. Qxd3 Be7 14. Bf4 g5 15. Bg3 g4 16. Ne1 Ba6 17. Qd5 Qxd5 18. Nxd5 Bd8 19. Rd1 Nc5 20. b4 Bxf1 21. Kxf1 Ne6 22. Nc2 h5 23. h4 gxh3 24. gxh3 h4 25. Bh2 a5 26. b5 a4 27. Nce3 Rb8 28. Nc3 Be7 29. Ned5 Ng5 30. f4 Ne6 31. f5 Ng5 32. Nxc7+ Kf8 33. N7d5 Bc5 34. e6 fxe6 35. Bxb8 exd5 36. Rxd5 Bb4 37. Be5 Rh7 38. Nxa4 Nxh3 39. b6 Ng5 40. Rd8+ Ke7 41. b7 Kxd8 42. b8=Q+ 1-0

[Event "December 5 Late 2023"]
[Site "https://www.chess.com"]
[Date "2023.12.05"]
[Round "10"]
[White "Mickiewicz, Piotr"]
[Black "Przybylski, Wojciech"]
[Result "0-1"]
[Board "69"]
[TimeControl "180+1"]
[WhiteFideId "1114891"]
[BlackFideId "1117599"]
[WhiteElo "2388"]
[BlackElo "2534"]
[WhiteTeam "POL"]
[BlackTeam "POL"]
[WhiteClock "0:00:02"]
[BlackClock "0:00:07"]

1. Nf3 Nf6 2. g3 d5 3. Bg2 c6 4. O-O Bg4 5. b3 Nbd7 6. Bb2 e6 7. d3 Bc5 8. Nbd2 O-O 9. h3 Bxf3 10. Nxf3 a5 11. a3 b5 12. e3 Qc7 13. Qe2 Rfe8 14. e4 dxe4 15. dxe4 e5 16. Nh4 g6 17. c3 a4 18. b4 Ba7 19. Bc1 Nf8 20. Bh6 Ne6 21. Nf3 c5 22. Rac1 cxb4 23. cxb4 Qb7 24. Rfd1 Bd4 25. Nxd4 Nxd4 26. Rxd4 exd4 27. e5 Nd5 28. Rc5 Rad8 29. Qe4 d3 30. Rxd5 Qxd5 31. Qxd5 Rxd5 32. Bxd5 d2 33. Bf3 Rd8 34. Bd1 Rd3 35. Kf1 Rxa3 36. Bxd2 Ra1 37. Ke2 a3 38. Bb3 Rb1 39. Bd5 Rb2 40. Kd3 a2 41. Bc3 a1=Q 42. e6 fxe6 43. Bxe6+ Kf8 44. Bd5 Qd1+ 0-1

[Event "December 5 Late 2023"]
[Site "https://www.chess.com"]
[Date "2023.12.05"]
[Round "10"]
[White "Pein, Jonathan"]
[Black "Makaraci, Tunahan"]
[Result "1/2-1/2"]
[Board "70"]
[TimeControl "180+1"]
[WhiteFideId "417092"]
[BlackFideId "6356559"]
[WhiteElo "2382"]
[BlackElo "2515"]
[WhiteTeam "ENG"]
[BlackTeam "TUR"]
[WhiteClock "0:00:09"]
[BlackClock "0:00:03"]

1. b3 d5 2. Bb2 c6 3. Nf3 Nf6 4. e3 Bg4 5. h3 Bxf3 6. Qxf3 Nbd7 7. d3 e5 8. Nd2 Bd6 9. g3 Qe7 10. Bg2 Ba3 11. Bxa3 Qxa3 12. O-O O-O 13. c4 Qb2 14. Rfd1 Nc5 15. g4 Nxd3 16. cxd5 cxd5 17. g5 e4 18. Qf5 Nh5 19. Qxd5 Rad8 20. Qxe4 Nxf2 21. Kxf2 Rxd2+ 22. Rxd2 Qxd2+ 23. Kg1 Qb2 24. Qd4 Qc2 25. Rf1 Ng3 26. Rf2 Ne2+ 27. Rxe2 Qxe2 28. Bxb7 Re8 29. e4 g6 30. Qxa7 Qe1+ 31. Kg2 Qd2+ 32. Qf2 Qxg5+ 33. Kh1 Rd8 34. Bd5 Rd7 35. a4 Qe5 36. Qf3 Kg7 37. a5 Qa1+ 38. Kg2 Qxa5 39. h4 Qd2+ 40. Kg3 Qd4 41. Qf4 Rxd5 42. exd5 Qxd5 43. Qc4 Qxc4 44. bxc4 Kf6 45. Kf4 Ke6 46. Kg5 f5 47. h5 Kd6 48. h6 Ke5 49. c5 Kd5 50. Kf6 f4 51. Kg7 f3 52. Kxh7 f2 53. Kxg6 f1=Q 54. h7 Qf8 55. c6 Qh8 56. c7 Qe8+ 57. Kg7 Qd7+ 58. Kg8 Qe8+ 59. Kg7 Qe5+ 60. Kg8 Qg5+ 61. Kf7 Qh5+ 62. Kg7 Qg5+ 63. Kf7 Qf5+ 64. Kg7 Qd7+ 65. Kg8 Qc8+ 66. Kg7 Qxc7+ 67. Kg8 Qd8+ 68. Kg7 Qg5+ 69. Kh8 Qf6+ 70. Kg8 Qg6+ 71. Kh8 Qh6 72. Kg8 Ke6 73. h8=Q Qg6+ 74. Qg7 Qe8+ 75. Kh7 Qh5+ 76. Qh6+ Qxh6+ 77. Kxh6 1/2-1/2

[Event "December 5 Late 2023"]
[Site "https://www.chess.com"]
[Date "2023.12.05"]
[Round "10"]
[White "Hajiyev, Kanan"]
[Black "Al-Saffar, Araz Basim Mohammed S"]
[Result "1-0"]
[Board "71"]
[TimeControl "180+1"]
[WhiteFideId "13404148"]
[BlackFideId "4801040"]
[WhiteElo "2514"]
[BlackElo "2381"]
[WhiteTeam "AZE"]
[BlackTeam "IRQ"]
[WhiteClock "0:00:08"]
[BlackClock "0:00:00"]

1. d4 Nf6 2. Nf3 e6 3. c4 Bb4+ 4. Bd2 Qe7 5. a3 Bxd2+ 6. Qxd2 d6 7. Nc3 e5 8. dxe5 dxe5 9. Nd5 Nxd5 10. cxd5 O-O 11. g3 e4 12. Nd4 Qe5 13. Nb5 c6 14. Nc3 Rd8 15. Bg2 cxd5 16. Nxe4 Nc6 17. Nc5 d4 18. Rc1 Bg4 19. h3 Bh5 20. g4 Bg6 21. Nxb7 Be4 22. Nxd8 Bxg2 23. Nxc6 Bxc6 24. O-O Qd5 25. Rxc6 Qxc6 26. Qxd4 h5 27. Rd1 hxg4 28. hxg4 Re8 29. e3 Qf3 30. Rd2 g6 31. Qf4 Qxf4 32. exf4 Re4 33. f3 Rxf4 34. Kf2 a5 35. Ke3 Rc4 36. Rd4 Rc2 37. b3 Ra2 38. Ra4 Rb2 39. b4 axb4 40. Rxb4 Ra2 41. a4 Kf8 42. g5 Ke7 43. Rd4 Ke6 44. Ke4 Re2+ 45. Kd3 Ra2 46. Kc3 Ra3+ 47. Kb4 Rxf3 48. a5 Rf1 49. a6 Ra1 50. Kb5 Kf5 51. Ra4 Rb1+ 52. Kc6 Rc1+ 53. Kb6 Rb1+ 54. Kc7 Rc1+ 55. Kd6 Rd1+ 56. Ke7 Re1+ 57. Kxf7 1-0

[Event "December 5 Late 2023"]
[Site "https://www.chess.com"]
[Date "2023.12.05"]
[Round "10"]
[White "Mazurkiewicz, Michal"]
[Black "Buenafe Moya, Javier"]
[Result "1-0"]
[Board "72"]
[TimeControl "180+1"]
[WhiteFideId "1124943"]
[BlackFideId "2206412"]
[WhiteElo "2490"]
[BlackElo "2374"]
[WhiteTeam "POL"]
[BlackTeam "ESP"]
[WhiteClock "0:01:28"]
[BlackClock "0:01:53"]

1. e4 e5 2. Nf3 Nc6 3. Bb5 a6 4. Bxc6 dxc6 5. O-O f6 6. d4 exd4 7. Nxd4 c5 8. Nb3 Qxd1 9. Rxd1 b6 10. Bf4 Ra7 11. Nc3 Be6 12. Nd5 Bxd5 13. Rxd5 Ne7 14. Rd2 Ng6 15. Bg3 h5 16. Rad1 h4 17. Rd8+ Kf7 18. R8d7+ Ke6 19. Rxc7 Rxc7 20. Bxc7 b5 21. f4 f5 22. exf5+ Kxf5 23. Rd5+ Ke4 24. Rg5 Nxf4 25. Re5# 1-0

[Event "December 5 Late 2023"]
[Site "https://www.chess.com"]
[Date "2023.12.05"]
[Round "10"]
[White "Figorito, Nick"]
[Black "Reprintsev, Alexander"]
[Result "0-1"]
[Board "73"]
[TimeControl "180+1"]
[WhiteFideId "30923689"]
[BlackFideId "14100541"]
[WhiteElo "2373"]
[BlackElo "2483"]
[WhiteTeam "USA"]
[BlackTeam "UKR"]
[WhiteClock "0:00:00"]
[BlackClock "0:00:56"]

1. Nf3 d5 2. g3 Nc6 3. d4 Bf5 4. Bg2 Nb4 5. Na3 e6 6. O-O h6 7. c4 Nf6 8. Bf4 c6 9. Qb3 Be7 10. Ne5 O-O 11. Nd3 Nxd3 12. exd3 b6 13. Rfc1 Qd7 14. Bf1 Rfe8 15. Nc2 Bd6 16. Bxd6 Qxd6 17. Ne3 Bg6 18. c5 Qc7 19. cxb6 axb6 20. a3 Rec8 21. Rc3 Rab8 22. Rac1 Qd6 23. Qa4 c5 24. Qb5 Nd7 25. b4 Qf8 26. Qxd7 Rd8 27. Qa4 cxd4 28. Rc7 dxe3 29. fxe3 h5 30. Qd1 Ra8 31. R1c3 d4 32. exd4 Rxd4 33. Qf3 Rad8 34. Be2 h4 35. Qe3 Qd6 36. Rc8 Kh7 37. Rxd8 Qxd8 38. gxh4 Qxh4 39. Kg2 Rd5 40. Kh1 Qe1+ 41. Kg2 Qxc3 0-1

[Event "December 5 Late 2023"]
[Site "https://www.chess.com"]
[Date "2023.12.05"]
[Round "10"]
[White "Mesa Cruz, Juan Carlos"]
[Black "Ladan, Nicholas"]
[Result "0-1"]
[Board "74"]
[TimeControl "180+1"]
[WhiteFideId "6423400"]
[BlackFideId "30918855"]
[WhiteElo "2372"]
[BlackElo "2472"]
[WhiteTeam "DOM"]
[BlackTeam "USA"]
[WhiteClock "0:00:00"]
[BlackClock "0:01:22"]

1. e4 e5 2. Nf3 Nc6 3. Bc4 Nf6 4. d3 h6 5. c3 d6 6. b4 g6 7. a4 Bg7 8. a5 O-O 9. Nbd2 a6 10. Bb2 Kh8 11. Qc2 Nh5 12. O-O-O b6 13. Bd5 Bd7 14. Nc4 bxa5 15. Nxa5 Nxa5 16. Bxa8 Qxa8 17. bxa5 Rb8 18. c4 Qb7 19. Bc3 Nf4 20. Rhg1 Ba4 21. Qxa4 Ne2+ 22. Kd2 Nxc3 23. Qc2 Nxd1 24. Rxd1 Qa7 25. Ke2 Qc5 26. Qc3 Bf6 27. g4 Bd8 28. Rd2 c6 29. d4 Qxa5 30. Qxa5 Bxa5 31. Ra2 Bc3 32. dxe5 dxe5 33. Kd3 Rb2 34. Rxa6 Rxf2 35. Kxc3 Rxf3+ 36. Kb4 Rf4 37. Rxc6 Rxe4 38. h3 Re1 39. c5 e4 40. Rc8+ Kg7 41. c6 e3 42. Re8 e2 0-1

[Event "December 5 Late 2023"]
[Site "https://www.chess.com"]
[Date "2023.12.05"]
[Round "10"]
[White "NovakRatko"]
[Black "Kostiukov, Alexandr"]
[Result "0-1"]
[Board "75"]
[TimeControl "180+1"]
[BlackFideId "14108100"]
[WhiteElo "2467"]
[BlackElo "2370"]
[BlackTeam "UKR"]
[WhiteClock "0:00:03"]
[BlackClock "0:00:55"]

1. d4 g6 2. c4 Bg7 3. Nc3 d6 4. e4 e5 5. d5 f5 6. f4 exf4 7. Bxf4 fxe4 8. Nxe4 Qe7 9. Qe2 Nf6 10. Nc3 Qxe2+ 11. Bxe2 O-O 12. Bd2 Na6 13. O-O-O Ng4 14. Nh3 Bf5 15. Rdf1 Nc5 16. Nf4 Rae8 17. Ne6 Nxe6 18. dxe6 Bxe6 19. h3 Ne5 20. b3 Bf5 21. Nd5 c6 22. g4 Be4 23. Nc7 Re7 24. Rxf8+ Bxf8 25. Re1 Rxc7 26. Bf4 Bg7 27. Kd2 Re7 28. Bd1 d5 29. cxd5 cxd5 30. b4 Kf7 31. Bb3 Nc4+ 32. Kc1 Bc3 33. Rd1 Kg7 34. Bg5 Bb2# 0-1

[Event "December 5 Late 2023"]
[Site "https://www.chess.com"]
[Date "2023.12.05"]
[Round "10"]
[White "Su, Dion"]
[Black "Topalov, Aleksandar"]
[Result "1-0"]
[Board "76"]
[TimeControl "180+1"]
[WhiteFideId "2029731"]
[BlackFideId "925659"]
[WhiteElo "2367"]
[BlackElo "2450"]
[WhiteTeam "USA"]
[BlackTeam "SRB"]
[WhiteClock "0:01:43"]
[BlackClock "0:01:05"]

1. e4 e6 2. d4 d5 3. Nd2 Nf6 4. e5 Ng8 5. Bd3 Ne7 6. c3 Qd7 7. Ngf3 b6 8. Qe2 a5 9. O-O Ba6 10. c4 dxc4 11. Nxc4 Bb7 12. Be3 Nbc6 13. Rac1 Nb4 14. Bb1 h6 15. Rfd1 g5 16. a3 Nbd5 17. Ncd2 Ng6 18. Ne4 Be7 19. Ba2 Kf8 20. Bxd5 Bxd5 21. Nf6 Bxf6 22. exf6 Rc8 23. Ne5 Qd8 24. Qa6 Ra8 25. Qd3 Nxe5 26. dxe5 c5 27. b4 axb4 28. axb4 Qc7 29. bxc5 Qxe5 30. cxb6 Qxf6 31. Bd4 e5 32. Bc5+ Kg7 33. Qxd5 1-0

[Event "December 5 Late 2023"]
[Site "https://www.chess.com"]
[Date "2023.12.05"]
[Round "10"]
[White "Mizzi, Jack"]
[Black "Mazzilli, Piero"]
[Result "1-0"]
[Board "77"]
[TimeControl "180+1"]
[WhiteFideId "5602521"]
[BlackFideId "807087"]
[WhiteElo "2449"]
[BlackElo "2337"]
[WhiteTeam "MLT"]
[BlackTeam "ITA"]
[WhiteClock "0:01:25"]
[BlackClock "0:00:00"]

1. d4 d5 2. c4 c6 3. Nf3 Nf6 4. Nbd2 e6 5. g3 Be7 6. Bg2 O-O 7. O-O b6 8. Qc2 Bb7 9. e4 dxe4 10. Nxe4 Nxe4 11. Qxe4 Nd7 12. Rd1 Rc8 13. h4 Qc7 14. Bf4 Bd6 15. Ng5 g6 16. Nxe6 fxe6 17. Qxe6+ Rf7 18. Bxd6 Qd8 19. Re1 Nf8 20. Bxf8 Qxf8 21. d5 cxd5 22. cxd5 Rc2 23. d6 Bxg2 24. d7 Bc6 25. Rad1 Bxd7 26. Rxd7 Rxf2 27. Qd5 Kg7 28. Qd4+ Rf6 29. Rxf7+ Qxf7 30. Rf1 Qe7 31. g4 Qc5 32. Rd1 1-0

[Event "December 5 Late 2023"]
[Site "https://www.chess.com"]
[Date "2023.12.05"]
[Round "10"]
[White "Silvestre, Christian"]
[Black "Bogaudinov, Rushan"]
[Result "1/2-1/2"]
[Board "78"]
[TimeControl "180+1"]
[WhiteFideId "30956269"]
[BlackFideId "4129288"]
[WhiteElo "2337"]
[BlackElo "2437"]
[WhiteTeam "USA"]
[BlackTeam "RUS"]
[WhiteClock "0:00:14"]
[BlackClock "0:00:30"]

1. e4 e5 2. d4 exd4 3. Nf3 d5 4. Qxd4 dxe4 5. Qxd8+ Kxd8 6. Ng5 Ke8 7. Nxe4 Bf5 8. Bd3 Nc6 9. Nbc3 Nb4 10. Bb5+ c6 11. Ba4 Rd8 12. a3 Nd5 13. Bg5 f6 14. Bd2 Nxc3 15. Nxc3 Bc5 16. O-O-O Bxf2 17. Rdf1 Bxc2 18. Bxc2 Bd4 19. g4 Ne7 20. g5 Ng6 21. h4 Ke7 22. h5 Ne5 23. h6 Nc4 24. hxg7 Rhg8 25. Bxh7 Rxg7 26. Re1+ Kf8 27. Bf5 Nxd2 28. Rh8+ Rg8 29. Rxg8+ Kxg8 30. Kxd2 Bf2+ 31. Ke2 Bxe1 32. Kxe1 fxg5 33. Ne4 Re8 34. Kf2 Re5 35. Nd6 Kg7 36. Bg4 b6 37. Nc4 Rc5 38. Ne3 Kf6 39. Be2 b5 40. Kf3 Re5 41. Ng4+ Ke6 42. Nxe5 Kxe5 43. Kg4 Kf6 44. Bd3 a6 45. b3 a5 46. a4 bxa4 47. bxa4 c5 48. Bb5 Kg6 49. Bc4 Kf6 50. Bb3 Kg6 51. Bc2+ Kf6 52. Bb1 Ke5 53. Kxg5 Kd4 54. Kf5 Kc3 55. Ke5 Kb3 56. Kd5 Kxa4 57. Kxc5 Kb3 58. Bh7 a4 59. Bg8+ Kb2 60. Bf7 a3 61. Bg8 a2 62. Bxa2 1/2-1/2

[Event "December 5 Late 2023"]
[Site "https://www.chess.com"]
[Date "2023.12.05"]
[Round "10"]
[White "Skibbe, Willi"]
[Black "Lopusiewicz, Piotr"]
[Result "0-1"]
[Board "79"]
[TimeControl "180+1"]
[WhiteFideId "4682190"]
[BlackFideId "1116029"]
[WhiteElo "2323"]
[BlackElo "2422"]
[WhiteTeam "GER"]
[BlackTeam "POL"]
[WhiteClock "0:00:07"]
[BlackClock "0:00:29"]

1. f4 d5 2. Nf3 Bf5 3. d3 e6 4. e3 Nf6 5. Be2 Bd6 6. O-O Nc6 7. Nc3 a6 8. a4 Qe7 9. Nh4 h6 10. Nxf5 exf5 11. Bf3 Qe6 12. Ne2 Bc5 13. Qd2 O-O-O 14. c3 g5 15. Nd4 Nxd4 16. exd4 Bd6 17. fxg5 hxg5 18. Qxg5 Rdg8 19. Qe3 Bxh2+ 20. Kf2 Qd6 21. Bd2 Bg3+ 22. Kg1 Bh2+ 23. Kf2 Qg3+ 24. Ke2 Re8 25. Rae1 Rxe3+ 26. Bxe3 Re8 27. Kd2 Ng4 28. Bxg4 fxg4 29. Bf4 Qxf4+ 30. Rxf4 Bxf4+ 31. Kd1 Rxe1+ 32. Kxe1 f5 33. Ke2 Kd7 34. b3 c6 35. c4 Bc1 36. c5 Ke6 37. b4 f4 38. Kf2 Bb2 39. Ke2 Bxd4 0-1

[Event "December 5 Late 2023"]
[Site "https://www.chess.com"]
[Date "2023.12.05"]
[Round "10"]
[White "Blanco Diez, David"]
[Black "Weisz, Bryan"]
[Result "1-0"]
[Board "80"]
[TimeControl "180+1"]
[WhiteFideId "32032927"]
[BlackFideId "30934133"]
[WhiteElo "2409"]
[BlackElo "2304"]
[WhiteTeam "ESP"]
[BlackTeam "USA"]
[WhiteClock "0:01:02"]
[BlackClock "0:00:46"]

1. Nf3 Nf6 2. b3 b6 3. Bb2 Bb7 4. c4 c5 5. e3 e6 6. Be2 Be7 7. O-O O-O 8. d4 d5 9. dxc5 dxc4 10. cxb6 cxb3 11. bxa7 Rxa7 12. Qxb3 Nbd7 13. Nc3 Nc5 14. Qc2 Qa8 15. Nb5 Rxa2 16. Bc4 Rxa1 17. Rxa1 Qc8 18. Ng5 Qc6 19. Bf1 g6 20. Rc1 Rc8 21. Na7 Qd5 22. Nxc8 Bxc8 23. Bxf6 Bxf6 24. Qxc5 Bb7 25. Qxd5 Bxd5 26. Nf3 Bb2 27. Rc8+ Kg7 28. Bc4 Be4 29. Rc7 Kf6 30. Bb5 Be5 31. Nxe5 1-0